 Dungeon Crawl Stone Soup version 0.28-a0-114-g2bf3c13a2f (webtiles) character file.

Game seed: 7199353072054197164

27 ipx the Chiller (level 2, 14/15 HPs)
             Began as a Deep Elf Ice Elementalist on Aug 12, 2021.
             Was a Follower of Uskayaw.
             Got out of the dungeon alive.
             The game lasted 00:03:26 (248 turns).

ipx the Chiller (Deep Elf Ice Elementalist)          Turns: 248, Time: 00:03:26

Health: 14/15      AC:  2    Str:  5    XL:     2   Next: 93%
Magic:  8/8        EV: 12    Int: 19    God:    Uskayaw [*.....]
Gold:   14         SH:  0    Dex: 15    Spells: 6/7 levels left

rFire   . . .      SeeInvis .   (no weapon)
rCold   . . .      Faith    .   (no shield)
rNeg    . . .      Spirit   .   a - +0 robe
rPois   .          Reflect  .   (no helmet)
rElec   .          Harm     .   (no cloak)
rCorr   .          Rampage  .   (no gloves)
Will    .....                   (no boots)
Stlth   ++........              (no amulet)
HPRegen 0.05/turn               (no ring)
MPRegen 0.11/turn               (no ring)

@: no status effects
A: no striking features
a: Renounce Religion, Stomp


You escaped.
You worshipped Uskayaw.
Uskayaw was noncommittal.
You visited 1 branch of the dungeon, and saw 2 of its levels.

You collected 14 gold pieces.

Inventory:

Hand Weapons
 c - a +0 mace
Armour
 a - a +0 robe (worn)
Magical Staves
 e - a staff of earth
Scrolls
 b - a scroll of fog {unknown}
Potions
 d - a potion of heal wounds {unknown}


   Skills:
 - Level 2.4 Dodging
 - Level 2.4 Stealth
 - Level 3.0 Spellcasting
 + Level 5.4 Ice Magic


You had 6 spell levels left.
You knew the following spells:

 Your Spells              Type           Power      Damage    Failure   Level
z - Freeze                Ice            92%        1d10      1%          1

Your spell library contained the following spells:

 Spells                   Type           Power      Damage    Failure   Level
 Frozen Ramparts          Ice            46%        1d6       4%          3
 Ozocubu's Armour         Ice            23%        N/A       4%          3
 Hailstorm                Conj/Ice       13%        3d5       45%         4


Dungeon Overview and Level Annotations

Branches:
Dungeon (2/15)

Altars:
Uskayaw


Message History

The kobold shouts!
You hear an angry hiss.
You see here a staff of earth.
e - a staff of earth A ball python comes into view.
The ball python completely misses you. The ball python grabs you.
The ball python constricts you.
Casting: Freeze (safe; 1% risk of failure)
Confirm with . or Enter, or press ? or * to list all spells.
Aiming: Freeze (safe; 1% risk of failure)
Press: ? - help, Shift-Dir - straight line, f - ball python
Aim: a ball python (constricting you)
You freeze the ball python.
You kill the ball python!
Casting: Freeze (safe; 1% risk of failure)
Confirm with . or Enter, or press ? or * to list all spells.
Aiming: Freeze (safe; 1% risk of failure)
Press: ? - help, Shift-Dir - straight line, f - kobold
Aim: a kobold, wielding a +0 club You freeze the kobold.
The kobold is heavily wounded.
The kobold hits you but does no damage.
You can now pass through a line of other dancers.
Casting: Freeze (safe; 1% risk of failure)
Confirm with . or Enter, or press ? or * to list all spells.
Aiming: Freeze (safe; 1% risk of failure)
Press: ? - help, Shift-Dir - straight line, f/p - kobold
Aim: a kobold, wielding a +0 club (heavily wounded)
You freeze the kobold!
You kill the kobold!
You can no longer pass through a line of other dancers.
You see here 19 bolts.
There is a stone staircase leading up here.
You climb upwards.
There is a stone staircase leading down here.
An endoplasm is nearby!
The endoplasm quivers.
There is a staircase leading out of the dungeon here.
You see here a rat corpse.
Are you sure you want to leave the Dungeon?
This will make you lose the game!
You have escaped!

#.#..........##.###..#)#
.........######.#...##.####
........## ###...........##
###.....#####..........##..#
##.......................#
#.....#####......####...#
#....#.......####...)#..#
###....##....#......##..##
###.......J#.J..@.#..#...##
.........#..#####.#.#...##
.##.....###.......#......##
#..)..###...#...#.......#
#......#....#...#.....#.#
#............#.#......#.#
#...#......†..#.......#.##
#...#.......#........##..######
#...##..............#..........


You could see an endoplasm.

Vanquished Creatures
  An adder (D:2)
  5 ball pythons
  3 goblins (D:1)
  A hobgoblin (D:1)
  3 kobolds
  2 quokkas (D:1)
  A frilled lizard (D:1)
  2 rats (D:1)
18 creatures vanquished.

Notes
Turn   | Place    | Note
-------+----------+-------------------------------------------
     0 | D:1      | ipx the Deep Elf Ice Elementalist began the quest for the
                  | Orb.
     0 | D:1      | Reached XP level 1. HP: 10/10 MP: 6/6
    64 | D:1      | Found a faded altar of an unknown god.
    75 | D:1      | Became a worshipper of Uskayaw the Reveller
    75 | D:1      | Reached * piety under Uskayaw
   107 | D:1      | Reached XP level 2. HP: 15/15 MP: 5/8
   121 | D:1      | Reached ** piety under Uskayaw
   122 | D:1      | Reached skill level 5 in Ice Magic
   180 | D:2      | Reached *** piety under Uskayaw
   248 | D:$      | Got out of the dungeon alive.

Illustrated notes

Levels and vault maps discovered:
D:1:      ebering_trefoil_3fold, layout_rooms,
          ebering_ecumenical_altar_sacrificial
D:2:      layout_loops_ring, uniq_sigmund

Skill      XL: |  1  2 |
---------------+-------+-----
Ice Magic      | 5 |  5.4
Dodging        | |  2.4
Stealth        | |  2.4
Spellcasting   | |  3.0

Action                   || total
-------------------------++-------
 Cast: Freeze            ||    22
Armor: Robe              ||     2
Dodge: Dodged            ||     5

Table legend: (Time is in decaauts)
 A = Elapsed time spent in this place.
 B = Non-inter-level travel time spent in this place.
 C = Inter-level travel time spent in this place.
 D = Time resting spent in this place.
 E = Time spent auto-exploring this place.
 F = Levels seen in this place.
 G = Mean time per level.
                   A        B        C        D        E       F      G
               +--------+--------+--------+--------+--------+-----+--------+
         Total |    248 |    225 |     23 |      0 |      0 |   2 |  124.0 |
       Dungeon |    248 |    225 |     23 |      0 |      0 |   2 |  124.0 |
               +--------+--------+--------+--------+--------+-----+--------+

Top non-repeatable levels by time:
     D:1: 190 daAuts
     D:2: 57 daAuts
